SA
HOGSMEADE CAULDRONS @ SYRACUSE STORM
08/16/2025
 
TOP OF THE 1ST
Hogsmeade Cauldrons batting - Pitching for Syracuse Storm : RHP Bob Browning
Pitching: RHP Bob Browning
Batting: RHB Cody Skillings 0-0: Ball
1-0: Called Strike
1-1: Foul Ball, location: 2F
1-2: Foul Ball, location: 2F
1-2: Strikes out looking
Batting: RHB Jorge Gómez 0-0: Ball
1-0: Called Strike
1-1: Fly out, F6 (Line Drive, 56)
Batting: LHB Ignacio Medine 0-0: Ball
1-0: Ball
2-0: Ball
3-0: Called Strike
3-1: Swinging Strike
3-2: Foul Ball, location: 2F
3-2: Foul Ball, location: 2F
3-2: Base on Balls
Batting: RHB Héctor Casas 0-0: Called Strike
0-1: Swinging Strike
0-2: Strikes out looking
Top of the 1st over - 0 run(s), 0 hit(s), 0 error(s), 1 left on base; Hogsmeade 0 - Syracuse 0
BOTTOM OF THE 1ST
Syracuse Storm batting - Pitching for Hogsmeade Cauldrons : RHP Fernando Villarreal
Pitching: RHP Fernando Villarreal
Batting: RHB Theron Hammond 0-0: Foul Ball, location: 2F
0-1: Ball
1-1: Ball
2-1: Foul Ball, location: 2F
2-2: Ball
3-2: Base on Balls
Batting: RHB Phil Sherman 0-0: Ball
1-0: Foul Ball, location: 2F
1-1: Foul Ball, location: 2F
1-2: Ball
2-2: Ball
3-2: SINGLE (Groundball, 6MD)
Theron Hammond to second
Batting: RHB Jim Unknown 0-0: Ball
1-0: Ball
2-0: Called Strike
2-1: Grounds into double play, 5-4-3 (Groundball, 5)
Theron Hammond to third
Batting: RHB José Costello 0-0: Ball
1-0: Ball
2-0: Called Strike
2-1: Foul Ball, location: 2F
2-2: Strikes out swinging, 2-3 out at first.
Bottom of the 1st over - 0 run(s), 1 hit(s), 0 error(s), 1 left on base; Hogsmeade 0 - Syracuse 0
TOP OF THE 2ND
Hogsmeade Cauldrons batting - Pitching for Syracuse Storm : RHP Bob Browning
Batting: LHB Austin Hathaway 0-0: Called Strike
0-1: Foul Ball, location: 2F
0-2: Ball
1-2: DOUBLE (Line Drive, 78M)
Batting: LHB Estefan Carrasco 0-0: Called Strike
0-1: Ball
1-1: Ball
2-1: Ball
3-1: Base on Balls
Batting: RHB Mitchell Westerbos 0-0: Ball
1-0: Swinging Strike
1-1: Foul Ball, location: 2F
1-2: Strikes out swinging
Batting: RHB Jim Unknown 0-0: Foul Ball, location: 2F
0-1: DOUBLE (Line Drive, 89XD)
Austin Hathaway scores
Estefan Carrasco to third
Runner from 3rd tries for Home, throw and OUT!
Batting: RHB Jorge Ramos 0-0: Ball
1-0: Ball
2-0: Swinging Strike
2-1: Fly out, F7 (Flyball, 7)
Top of the 2nd over - 1 run(s), 2 hit(s), 0 error(s), 1 left on base; Hogsmeade 1 - Syracuse 0
BOTTOM OF THE 2ND
Syracuse Storm batting - Pitching for Hogsmeade Cauldrons : RHP Fernando Villarreal
Batting: RHB Eduardo Santos 0-0: Called Strike
0-1: Ball
1-1: Ball
2-1: Fly out, F8 (Line Drive, 89S)
Batting: LHB Jim Unknown 0-0: DOUBLE (Groundball, 3L)
Batting: SHB Lúcio Gonzáles 0-0: Ball
1-0: Ground out 6-3 (Groundball, 6S)
Jim Unknown to third
Batting: LHB King Randell 0-0: Swinging Strike
0-1: Foul Ball, location: 2F
0-2: Single, Error in OF, E8, batter to second base
Jim Unknown scores
Batting: RHB Tyrell Wellick 0-0: Ball
1-0: Foul Ball, location: 2F
1-1: SINGLE (Line Drive, 4D)
King Randell to third
Runner from 3rd tries for Home, SAFE, no throw
Batting: RHB Theron Hammond 0-0: SINGLE (Flyball, 8RS)
Tyrell Wellick to second
Batting: RHB Phil Sherman 0-0: Ball
1-0: Fielders Choice at 2nd, 5-4 (Groundball, 5L)
Bottom of the 2nd over - 2 run(s), 4 hit(s), 1 error(s), 1 left on base; Hogsmeade 1 - Syracuse 2
TOP OF THE 3RD
Hogsmeade Cauldrons batting - Pitching for Syracuse Storm : RHP Bob Browning
Batting: RHB Cody Skillings 0-0: Ground out 5-3 (Groundball, 5L)
Batting: RHB Jorge Gómez 0-0: Called Strike
0-1: Foul Ball, location: 2F
0-2: Fly out, F9 (Flyball, 9S)
Batting: LHB Ignacio Medine 0-0: Ball
1-0: Swinging Strike
1-1: Ball
2-1: Ball
3-1: Foul Ball, location: 2F
3-2: Foul Ball, location: 2F
3-2: Base on Balls
Batting: RHB Héctor Casas 0-0: Ball
1-0: Fielders Choice at 2nd, 6-4 (Groundball, 6)
Top of the 3rd over - 0 run(s), 0 hit(s), 0 error(s), 0 left on base; Hogsmeade 1 - Syracuse 2
BOTTOM OF THE 3RD
Syracuse Storm batting - Pitching for Hogsmeade Cauldrons : RHP Fernando Villarreal
Batting: RHB Jim Unknown 0-0: Called Strike
0-1: Ball
1-1: Fly out, F4 (Popup, 4)
Batting: RHB José Costello 0-0: Called Strike
0-1: Fly out, F8 (Flyball, 8LM)
Batting: RHB Eduardo Santos 0-0: Single, Error in OF, E7, batter to second base
Batting: LHB Jim Unknown 0-0: Called Strike
0-1: Fly out, F9 (Flyball, 9LMF)
Bottom of the 3rd over - 0 run(s), 1 hit(s), 1 error(s), 1 left on base; Hogsmeade 1 - Syracuse 2
TOP OF THE 4TH
Hogsmeade Cauldrons batting - Pitching for Syracuse Storm : RHP Bob Browning
Batting: LHB Austin Hathaway 0-0: Foul Ball, location: 2F
0-1: Ground out 4-3 (Groundball, 34)
Batting: LHB Estefan Carrasco 0-0: Ball
1-0: Foul Ball, location: 2F
1-1: Ball
2-1: Called Strike
2-2: Foul Ball, location: 2F
2-2: Ball
3-2: SINGLE (Line Drive, 3L)
Batting: RHB Mitchell Westerbos 0-0: Called Strike
Estefan Carrasco is caught stealing 2nd base
0-1: Ball
1-1: DOUBLE (Line Drive, 9LM)
Batting: RHB Jim Unknown 0-0: Foul Ball, location: 2F
0-1: Swinging Strike
0-2: Foul Ball, location: 2F
0-2: Ball
1-2: Strikes out looking
Top of the 4th over - 0 run(s), 2 hit(s), 0 error(s), 1 left on base; Hogsmeade 1 - Syracuse 2
BOTTOM OF THE 4TH
Syracuse Storm batting - Pitching for Hogsmeade Cauldrons : RHP Fernando Villarreal
Batting: SHB Lúcio Gonzáles 0-0: Ground out U3 (Groundball, 3)
Batting: LHB King Randell 0-0: Foul Ball, location: 2F
0-1: Fly out, F8 (Flyball, 8RS)
Batting: RHB Tyrell Wellick 0-0: Swinging Strike
0-1: Foul Ball, location: 2F
0-2: Strikes out swinging
Bottom of the 4th over - 0 run(s), 0 hit(s), 0 error(s), 0 left on base; Hogsmeade 1 - Syracuse 2
TOP OF THE 5TH
Hogsmeade Cauldrons batting - Pitching for Syracuse Storm : RHP Bob Browning
Batting: RHB Jorge Ramos 0-0: Ball
1-0: Ball
2-0: Foul Ball, location: 2F
2-1: Foul Ball, location: 2F
2-2: Strikes out swinging
Batting: RHB Cody Skillings 0-0: Foul Ball, location: 2F
0-1: Foul Ball, location: 2F
0-2: Strikes out looking
Batting: RHB Jorge Gómez 0-0: Ball
1-0: Called Strike
1-1: Foul Ball, location: 2F
1-2: Strikes out swinging
Top of the 5th over - 0 run(s), 0 hit(s), 0 error(s), 0 left on base; Hogsmeade 1 - Syracuse 2
BOTTOM OF THE 5TH
Syracuse Storm batting - Pitching for Hogsmeade Cauldrons : RHP Fernando Villarreal
Batting: RHB Theron Hammond 0-0: SINGLE (Line Drive, 89M)
Batting: RHB Phil Sherman 0-0: Bunted foul
0-1: Ball
Theron Hammond is caught stealing 2nd base
1-1: SINGLE (Groundball, 56D)
Batting: RHB Jim Unknown 0-0: Ball
1-0: Called Strike
1-1: Called Strike
1-2: Foul Ball, location: 2F
1-2: Fielders Choice at 2nd, 6-4 (Groundball, 6)
Batting: RHB José Costello 0-0: Called Strike
Jim Unknown steals 2nd base
0-1: Ball
1-1: Ball
2-1: DOUBLE (Line Drive, 9LM)
Jim Unknown scores
Batting: RHB Eduardo Santos 0-0: Swinging Strike
0-1: Swinging Strike
0-2: Fly out, F5 (Line Drive, 56)
Bottom of the 5th over - 1 run(s), 3 hit(s), 0 error(s), 1 left on base; Hogsmeade 1 - Syracuse 3
TOP OF THE 6TH
Hogsmeade Cauldrons batting - Pitching for Syracuse Storm : RHP Bob Browning
Batting: LHB Ignacio Medine 0-0: Ball
1-0: Ball
2-0: Ball
3-0: Base on Balls
Batting: RHB Héctor Casas 0-0: Ball
1-0: Ball
2-0: SINGLE (Line Drive, 5S)
Ignacio Medine to second
Batting: LHB Austin Hathaway 0-0: Called Strike
0-1: Ball
1-1: Ball
2-1: Ball
3-1: Called Strike
3-2: Base on Balls
Ignacio Medine to third
Héctor Casas to second
Batting: LHB Estefan Carrasco 0-0: Foul Ball, location: 2F
0-1: Swinging Strike
0-2: Strikes out swinging
Batting: RHB Mitchell Westerbos 0-0: Ball
1-0: Called Strike
1-1: Called Strike
1-2: Ball
2-2: Ball
3-2: Fly out, F8 (Flyball, 78M)
Batting: RHB Jim Unknown 0-0: Called Strike
0-1: Swinging Strike
0-2: Strikes out swinging
Top of the 6th over - 0 run(s), 1 hit(s), 0 error(s), 3 left on base; Hogsmeade 1 - Syracuse 3
BOTTOM OF THE 6TH
Syracuse Storm batting - Pitching for Hogsmeade Cauldrons : RHP Fernando Villarreal
Batting: LHB Jim Unknown 0-0: Fly out, F6 (Popup, 56D)
Batting: SHB Lúcio Gonzáles 0-0: Foul Ball, location: 2F
0-1: Ball
1-1: Swinging Strike
1-2: Foul Ball, location: 2F
1-2: Foul Ball, location: 2F
1-2: Strikes out looking
Batting: LHB King Randell 0-0: Foul Ball, location: 2F
0-1: Swinging Strike
0-2: Strikes out swinging
Bottom of the 6th over - 0 run(s), 0 hit(s), 0 error(s), 0 left on base; Hogsmeade 1 - Syracuse 3
TOP OF THE 7TH
Hogsmeade Cauldrons batting - Pitching for Syracuse Storm : RHP Bob Browning
Batting: RHB Jorge Ramos 0-0: Ball
1-0: Foul Ball, location: 2F
1-1: Ground out 6-3 (Groundball, 56)
Batting: RHB Cody Skillings 0-0: Ball
1-0: Ball
2-0: Called Strike
2-1: Swinging Strike
2-2: Foul Ball, location: 2F
2-2: Foul Ball, location: 2F
2-2: Foul Ball, location: 2F
2-2: Strikes out swinging
Batting: RHB Jorge Gómez 0-0: SINGLE (Line Drive, 4D)
Pitching: RHP Jim Unknown
Batting: LHB Ignacio Medine 0-0: Called Strike
Jorge Gómez is caught stealing 2nd base
Top of the 7th over - 0 run(s), 1 hit(s), 0 error(s), 0 left on base; Hogsmeade 1 - Syracuse 3
BOTTOM OF THE 7TH
Syracuse Storm batting - Pitching for Hogsmeade Cauldrons : RHP Fernando Villarreal
Batting: RHB Tyrell Wellick 0-0: Ball
1-0: Foul Ball, location: 2F
1-1: Foul Ball, location: 2F
1-2: Foul Ball, location: 2F
1-2: Fly out, F2 (Popup, 34S)
Batting: RHB Theron Hammond 0-0: Called Strike
0-1: Ball
1-1: Ground out 5-3 (Groundball, 56)
Batting: RHB Phil Sherman 0-0: Called Strike
0-1: Ground out 6-3 (Groundball, 56)
Bottom of the 7th over - 0 run(s), 0 hit(s), 0 error(s), 0 left on base; Hogsmeade 1 - Syracuse 3
TOP OF THE 8TH
Hogsmeade Cauldrons batting - Pitching for Syracuse Storm : RHP Jim Unknown
Batting: LHB Ignacio Medine 0-0: DOUBLE (Flyball, 7D)
Pitching: RHP Ernesto Cortéz
Batting: RHB Héctor Casas 0-0: Foul Ball, location: 2F
0-1: Ground out 1-3 (Groundball, P)
Ignacio Medine to third
Pitching: LHP Juan Vargas
Batting: LHB Austin Hathaway 0-0: Ball
1-0: Ball
2-0: Called Strike
2-1: Ball
3-1: Base on Balls
Batting: LHB Estefan Carrasco 0-0: Swinging Strike
0-1: Called Strike
0-2: Ball
1-2: SINGLE (Line Drive, 89M)
Ignacio Medine scores
Austin Hathaway to second
Batting: RHB Mitchell Westerbos 0-0: Called Strike
0-1: Swinging Strike
0-2: Strikes out swinging
Pinch Hitting: RHB Alfred Walczak 0-0: Foul Ball, location: 2F
0-1: Called Strike
0-2: Foul Ball, location: 2F
0-2: Ball
1-2: Ball
2-2: Strikes out swinging
Top of the 8th over - 1 run(s), 2 hit(s), 0 error(s), 2 left on base; Hogsmeade 2 - Syracuse 3
BOTTOM OF THE 8TH
Syracuse Storm batting - Pitching for Hogsmeade Cauldrons : RHP Fernando Villarreal
Now at 1B: Jim Unknown
Batting: RHB Jim Unknown 0-0: Swinging Strike
0-1: Swinging Strike
0-2: Ball
1-2: Fly out, F8 (Flyball, 8LM)
Batting: RHB José Costello 0-0: SINGLE (Flyball, 8LS)
Pinch Hitting: RHB Jim Unknown 0-0: Swinging Strike
0-1: Fly out, F9 (Flyball, 9S)
Batting: LHB Jim Unknown 0-0: Foul Ball, location: 2F
0-1: Called Strike
0-2: Ball
1-2: Strikes out swinging
Bottom of the 8th over - 0 run(s), 1 hit(s), 0 error(s), 1 left on base; Hogsmeade 2 - Syracuse 3
TOP OF THE 9TH
Hogsmeade Cauldrons batting - Pitching for Syracuse Storm : LHP Juan Vargas
Pitching: RHP Martin Besnier
Now in RF: Jim Unknown
Pinch Hitting: RHB Jim Unknown 0-0: Ball
1-0: Called Strike
1-1: Called Strike
1-2: Foul Ball, location: 2F
1-2: Ball
2-2: Foul Ball, location: 2F
2-2: Strikes out looking
Batting: RHB Cody Skillings 0-0: Foul Ball, location: 2F
0-1: Swinging Strike
0-2: Ground out 6-3 (Groundball, 6)
Batting: RHB Jorge Gómez 0-0: Called Strike
0-1: Ball
1-1: Ball
2-1: Fly out, F3 (Flyball, 34D)
Top of the 9th over - 0 run(s), 0 hit(s), 0 error(s), 0 left on base; Hogsmeade 2 - Syracuse 3
Friday, December 30th, 2016 - OOTP Baseball 17.12 Build 75